 Dungeon Crawl Stone Soup version 0.28-a0-643-g84cb2ea78e (webtiles) character file.

Game seed: 13479842203626421871

5 timneilson the Skirmisher (level 1, 0/18 HPs)
             Began as a Demonspawn Fighter on Oct 10, 2021.
             Slain by a quokka (4 damage)
             ... on level 1 of the Dungeon.
             The game lasted 00:00:19 (143 turns).

timneilson the Skirmisher (Demonspawn Fighter)       Turns: 143, Time: 00:00:20

Health: 0/18       AC:  9    Str: 16    XL:     1   Next: 66%
Magic:  1/1        EV:  6    Int:  9    God:
Gold:   17         SH:  4    Dex: 12    Spells: 0/0 levels left

rFire   . . .      SeeInvis .   a - +0 long sword
rCold   . . .      Faith    .   c - +0 buckler
rNeg    . . .      Spirit   .   f - +0 chain mail
rPois   .          Reflect  .   (no helmet)
rElec   .          Harm     .   (no cloak)
rCorr   .          Rampage  .   (no gloves)
Will    .....                   (no boots)
Stlth   ..........              (no amulet)
HPRegen 0.06/turn               (no ring)
MPRegen 0.07/turn               (no ring)

@: no status effects
A: no striking features
a: no special abilities


You were on level 1 of the Dungeon.
You visited 1 branch of the dungeon, and saw 1 of its levels.

You collected 17 gold pieces.

Inventory:

Hand Weapons
 a - a +0 long sword (weapon)
Armour
 c - a +0 buckler (worn)
 e - a +0 plate armour
 f - a +0 chain mail (worn)
Potions
 d - a potion of might


   Skills:
 + Level 3.0 Fighting
 * Level 1.9 Long Blades
 * Level 2.7 Armour
 + Level 0.1 Dodging
 * Level 2.8 Shields


You couldn't memorise any spells.
You didn't know any spells.
Your spell library was empty.

Dungeon Overview and Level Annotations

Branches:
Dungeon (1/15)

Altars:


Message History

You are too injured to fight recklessly!
You are too injured to fight recklessly!
You are too injured to fight recklessly!
You are too injured to fight recklessly!
You are too injured to fight recklessly!
You are too injured to fight recklessly!
You are too injured to fight recklessly!
You are too injured to fight recklessly!
You are too injured to fight recklessly!
You are too injured to fight recklessly!
You are too injured to fight recklessly!
You are too injured to fight recklessly!
You are too injured to fight recklessly!
You are too injured to fight recklessly!
Unknown command.
You slash the dart slug!
You kill the dart slug!
The quokka bites you but does no damage. x2
The quokka bites you.
* * * LOW HITPOINT WARNING * * *
You see here a ball python corpse.
You hit the quokka.
The quokka is moderately wounded.
The quokka bites you but does no damage.
You barely miss the quokka.
The quokka is moderately wounded.
The quokka barely misses you.
The quokka bites you but does no damage.
You closely miss the quokka.
The quokka is moderately wounded.
The quokka barely misses you.
You closely miss the quokka.
The quokka is moderately wounded.
The quokka bites you.
* * * LOW HITPOINT WARNING * * *
You block the quokka's attack.
You closely miss the quokka.
The quokka is moderately wounded.
The quokka bites you.
You die...

#. ####.#[......
#.# #...........#
# ##.##
#.##.#.####.#
#.#...###.##.#.#
#.#
#.#...#........#
.#
#.......###......
.# #....[..#
#....## ##
#.......###.##.#
###.@r......##.#
#.......>######
#..#...#.#
#........#
.....###.# #...#
##. #... . #.#.


You could see a quokka.

Vanquished Creatures
  A dart slug (D:1)
  2 ball pythons (D:1)
  A frilled lizard (D:1)
4 creatures vanquished.

Notes
Turn   | Place    | Note
-------+----------+-------------------------------------------
     0 | D:1      | timneilson the Demonspawn Fighter began the quest for the
                  | Orb.
     0 | D:1      | Reached XP level 1. HP: 18/18 MP: 1/1
   143 | D:1      | Slain by a quokka

Illustrated notes

Levels and vault maps discovered:
D:1:      nicolae_arrival_washed_ashore, layout_loops_ring,
          ebering_ecumenical_altar_petrified

Action                   || total
-------------------------++-------
Melee: Long sword        ||    17
Armor: Chain mail        ||     6
       Scale mail        ||     3
Dodge: Dodged            ||     3
Block: Buckler           ||     6

Table legend: (Time is in decaauts)
 A = Elapsed time spent in this place.
 B = Non-inter-level travel time spent in this place.
 C = Inter-level travel time spent in this place.
 D = Time resting spent in this place.
 E = Time spent auto-exploring this place.
 F = Levels seen in this place.
 G = Mean time per level.
                   A        B        C        D        E       F      G
               +--------+--------+--------+--------+--------+-----+--------+
         Total |    148 |    148 |      0 |      0 |     92 |   1 |  148.0 |
       Dungeon |    148 |    148 |      0 |      0 |     92 |   1 |  148.0 |
               +--------+--------+--------+--------+--------+-----+--------+

Top non-repeatable levels by time:
     D:1: 148 daAuts
